 Dungeon Crawl Stone Soup version 0.20-a0-548-g4f8a798 (webtiles) character file.

2697 pichaelthompson the Twirler (level 9, 0/68 HPs)
             Began as a Demonspawn Berserker on Jan 31, 2017.
             Was a High Priest of Trog.
             Slain by a wyvern zombie (6 damage)
             ... in an ossuary on Feb 1, 2017.
             The game lasted 00:37:23 (6993 turns).

pichaelthompson the Twirler (Demonspawn Berserker)  Turns: 6993, Time: 00:37:25

Health: 0/68       AC: 10    Str: 21    XL:     9   Next: 38%
Magic:  9/9        EV: 13    Int:  8    God:    Trog [*****.]
Gold:   249        SH:  0    Dex: 17    Spells: 8/8 levels left

rFire    + . .     SeeInvis .   y - +2 quarterstaff (chaos)
rCold    . . .     Gourm    +   i - +2 ring mail {rF+}
rNeg     . . .     Faith    .   (shield currently unavailable)
rPois    .         Spirit   .   (no helmet)
rElec    .         Reflect  .   n - +0 cloak
rCorr    +         Harm     .   (no gloves)
MR       ++...                  r - +0 pair of boots
Stlth    +++.......             j - amulet of the gourmand
Regen    1.3/turn               (no ring)
                                l - ring of resist corrosion

@: exhausted, regenerating, slowed, very slow
A: hooves 2, thin skeletal structure 2, powered by pain 1, rot immunity
a: Berserk, Trog's Hand, Brothers in Arms, Burn Spellbooks, Renounce Religion


You were in an ossuary.
You worshipped Trog.
Trog was extremely pleased with you.
You were not hungry.

You visited 1 branch of the dungeon, and saw 7 of its levels.
You also visited: Ossuary.

You collected 249 gold pieces.

Inventory:

Hand Weapons
 y - a +2 quarterstaff of chaos (weapon)
Missiles
 a - 7 exploding tomahawks (quivered)
Armour
 i - a +2 ring mail of fire resistance (worn)
 n - a +0 cloak (worn)
 r - a +0 pair of boots (worn)
Jewellery
 b - an uncursed amulet of magic regeneration
 j - an amulet of the gourmand (around neck)
 l - a ring of resist corrosion (left hand)
Wands
 h - a wand of confusion (18/48)
 p - a wand of random effects (26/48)
 G - a wand of flame (20/48)
Scrolls
 d - a scroll of magic mapping
 m - 3 scrolls of remove curse
 u - 2 scrolls of fog {unknown}
 w - 2 scrolls of immolation {unknown}
 z - 3 scrolls of teleportation
 B - 9 scrolls of enchant weapon {unknown}
 E - 2 scrolls of fear {unknown}
 F - a scroll of recharging
Potions
 e - a potion of might {unknown}
 k - 6 potions of curing
 o - a potion of flight {unknown}
 q - a potion of mutation {unknown}
 s - a potion of cancellation {unknown}
 t - 4 potions of haste
 v - 2 potions of resistance {unknown}
 x - 3 potions of heal wounds
 A - a potion of agility {unknown}
 C - a potion of lignification {unknown}
 D - 2 potions of brilliance
Comestibles
 c - 4 bread rations
 f - 4 fruits
 g - 3 meat rations


   Skills:
 + Level 5.6 Fighting
   Level 1.6 Short Blades
   Level 3.3(5.8) Maces & Flails
 + Level 7.3(7.7) Staves
 + Level 4.9 Armour
 + Level 4.0 Dodging
 + Level 4.4 Stealth
 + Level 1.0 Unarmed Combat


You had 8 spell levels left.
You didn't know any spells.

Dungeon Overview and Level Annotations

Branches:
Dungeon (7/15)             Temple (0/1) D:7

Altars:
Gozag


Innate Abilities, Weirdness & Mutations

You have hoof-like feet.
You have a moderately thin skeletal structure. (Dex +4, Stealth+)
You sometimes gain a little power by taking damage.
You are immune to rotting.


Message History

Sparks fly from the wyvern zombie's front feet!
The wyvern zombie is heavily damaged.
The adder zombie completely misses you. The wyvern zombie bites you!
* * * LOW HITPOINT WARNING * * *
The worker ant zombie bites you but does no damage.
The adder zombie bites you but does no damage.
You thump the wyvern zombie!
The wyvern zombie is severely damaged.
The wyvern zombie bites you.
* * * LOW HITPOINT WARNING * * *
The worker ant zombie bites you but does no damage.
The wyvern zombie closely misses you. The adder zombie closely misses you.
You hit the wyvern zombie but do no damage.
The wyvern zombie glows pulsating blue for a moment.
The wyvern zombie is severely damaged.
The wyvern zombie bites you!
* * * LOW HITPOINT WARNING * * *
The worker ant zombie bites you but does no damage.
The adder zombie barely misses you. The wyvern zombie bites you.
You die...

#####.###
#...#.'.#
#.∩.'.###
#∩..#.+
#####.###
#.'.'.#
#####.###
#...#ZZ.#
#...Z@###
#...#.'.#
#####.###
..+ #'#
#.# ###


You could see an adder zombie, a wyvern zombie and a worker ant zombie.

Vanquished Creatures
  Sigmund (D:3)
  Eustachio (D:6)
  The ghost of kazak the Firebug, an amateur OgFE (Ossuary)
  A hungry ghost (D:6)
  Edmund (D:4)
  Duvessa (D:4)
  A black bear (D:6)
  3 ogres
  A phantom (D:6)
  The ghost of sand the Firebug, an amateur NaFE (D:3)
  A centaur (D:5)
  Blork the orc (D:6)
  2 scorpions
  Dowan (D:4)
  A centaur zombie (Ossuary)
  2 hounds
  A jelly (D:7)
  2 orc wizards (D:3)
  2 orc priests
  A bullfrog skeleton (D:6)
  A centaur skeleton (D:5)
  Crazy Yiuf (D:2)
  Jessica (D:2)
  Natasha (thrice) (D:3)
  2 iguanas (D:4)
  Ijyb (D:2)
  5 worker ants
  2 hound skeletons (D:4)
  3 hound zombies
  9 mummies (Ossuary)
  3 gnolls (D:3)
  A howler monkey skeleton (D:7)
  8 adders
  3 oozes
  A worm zombie (D:7)
  A worm (D:3)
  4 dart slugs
  4 leopard geckos
  37 orcs
  8 bats
  3 giant cockroaches
  4 goblins
  7 hobgoblins
  5 jackals
  12 kobolds
  4 quokkas
  A ball python (D:4)
  5 frilled lizards
  A giant cockroach zombie (Ossuary)
  A hobgoblin zombie (D:7)
  2 jackal zombies
  A quokka skeleton (D:5)
  A quokka zombie (Ossuary)
  10 rats
181 creatures vanquished.

Vanquished Creatures (collateral kills)
  A worm (D:5)
1 creature vanquished.

Vanquished Creatures (others)
  2 withered plants (Ossuary)
2 creatures vanquished.

Grand Total: 184 creatures vanquished

Notes
Turn   | Place    | Note
-------+----------+-------------------------------------------
     0 | D:1      | pichaelthompson the Demonspawn Berserker began the quest for the Orb.
     0 | D:1      | Reached XP level 1. HP: 18/18 MP: 1/1
   430 | D:1      | Gained mutation: You are immune to rotting. [demonic ancestry]
   430 | D:1      | Reached XP level 2. HP: 21/24 MP: 2/2
  1157 | D:1      | Gained mutation: You have a somewhat thin skeletal structure. (Dex +2, Stealth) [demonic ancestry]
  1157 | D:1      | Reached XP level 3. HP: 29/29 MP: 3/3
  1350 | D:2      | Reached ** piety under Trog
  1376 | D:2      | Noticed Ijyb
  1384 | D:2      | Killed Ijyb
  1384 | D:2      | Reached skill level 1 in Short Blades
  1384 | D:2      | Gained mutation: You have large cloven feet. [demonic ancestry]
  1384 | D:2      | Reached XP level 4. HP: 37/37 MP: 4/4
  1407 | D:2      | Found a faded altar of an unknown god.
  1668 | D:2      | Noticed Jessica
  1679 | D:2      | Killed Jessica
  2219 | D:2      | Found a runed door.
  2223 | D:2      | Noticed Crazy Yiuf
  2228 | D:2      | Killed Crazy Yiuf
  2228 | D:2      | Gained mutation: You have a moderately thin skeletal structure. (Dex +4, Stealth+) [demonic ancestry]
  2228 | D:2      | Reached XP level 5. HP: 42/42 MP: 5/5
  2404 | D:3      | Noticed Natasha
  2425 | D:3      | Killed Natasha
  2425 | D:3      | Reached skill level 1 in Stealth
  2478 | D:3      | Noticed Natasha
  2487 | D:3      | Killed Natasha
  2653 | D:3      | Reached skill level 1 in Unarmed Combat
  2716 | D:3      | Gained mutation: You sometimes gain a little power by taking damage. [demonic ancestry]
  2716 | D:3      | Reached XP level 6. HP: 38/48 MP: 6/6
  2826 | D:3      | Reached *** piety under Trog
  2836 | D:3      | Reached skill level 1 in Staves
  3009 | D:3      | Noticed Sigmund
  3030 | D:3      | Killed Sigmund
  3030 | D:3      | Reached skill level 2 in Staves
  3053 | D:3      | Noticed Natasha
  3057 | D:3      | Killed Natasha
  3058 | D:3      | Reached XP level 7. HP: 51/55 MP: 7/7
  3091 | D:3      | Noticed sand's ghost (amateur NaFE)
  3104 | D:3      | Killed sand's ghost
  3104 | D:3      | Reached skill level 3 in Staves
  3684 | D:4      | Reached **** piety under Trog
  3698 | D:4      | Reached skill level 4 in Staves
  3898 | D:4      | Noticed Dowan
  3903 | D:4      | Noticed Duvessa
  3907 | D:4      | Killed Dowan
  3912 | D:4      | Killed Duvessa
  4098 | D:4      | Reached XP level 8. HP: 59/61 MP: 8/8
  4141 | D:4      | Noticed Edmund
  4151 | D:4      | Killed Edmund
  4252 | D:4      | Upgraded the game from 0.20-a0-540-ge6d1839 to 0.20-a0-548-g4f8a798
  4296 | D:5      | Entered Level 5 of the Dungeon
  4363 | D:5      | Reached skill level 5 in Staves
  4624 | D:5      | Reached skill level 5 in Fighting
  4625 | D:5      | Found an opulent altar of Gozag.
  5746 | D:6      | Noticed Eustachio
  5755 | D:6      | Killed Eustachio
  5755 | D:6      | Reached skill level 6 in Staves
  6390 | D:6      | Noticed Blork the orc
  6409 | D:6      | Killed Blork the orc
  6409 | D:6      | Gained mutation: You have hoof-like feet. [demonic ancestry]
  6409 | D:6      | Reached XP level 9. HP: 59/68 MP: 9/9
  6856 | D:7      | Reached skill level 7 in Staves
  6860 | D:7      | Found a sand-covered staircase.
  6921 | Ossuary  | Entered an ossuary
  6946 | Ossuary  | Reached ***** piety under Trog
  6965 | Ossuary  | Noticed kazak's ghost (amateur OgFE)
  6974 | Ossuary  | Killed kazak's ghost
  6993 | Ossuary  | Slain by a wyvern zombie

Vault maps used:
D:1:      matt_arrival_los_fun
D:2:      chequers_ecumenical_altar_lobes, kennysheep_generic_room_12,
          uniq_jessica, uniq_crazy_yiuf_cottage, uniq_iyjb
D:3:      first_bread, minivault_23, minmay_bisected, uniq_natasha, uniq_sigmund
D:4:      uniq_edmund, uniq_duvessa
D:5:      cheibrodos_iron_armory, kennysheep_mini_moat,
          nicolae_underground_beach
D:6:      uniq_eustachio, uniq_blork_the_orc
D:7:      minmay_temple_entry_enclosed_plants, enter_ossuary_3
Ossuary:  ossuary_zaba_flooded

Skill      XL: |  1  2  3  4  5  6  7  8  9 |
---------------+----------------------------+-----
Armour         | 2 3 4 |  4.9
Dodging        | 2 3 4 |  4.0
Maces & Flails | 3 |  3.3
Short Blades   | 1 |  1.6
Fighting       | 4 5 |  5.6
Stealth        | 1 2 3 4 |  4.4
Unarmed Combat | 1 |  1.0
Staves         | 2 4 6 7 |  7.3

Action                   |  1- 3 |  4- 6 |  7- 9 || total
-------------------------+-------+-------+-------++-------
Melee: Mace              |    51 |       |       ||    51
       Dagger            |    48 |    64 |       ||   112
       Quarterstaff      |       |    76 |   325 ||   401
       Unarmed           |       |    22 |       ||    22
Invok: Berserk           |     1 |     6 |     5 ||    12
       Trog's Hand       |       |       |     1 ||     1
  Use: Scroll            |       |     7 |     5 ||    12
 Stab: Petrified         |       |     3 |     1 ||     4
       Sleeping          |       |     1 |    10 ||    11
       Paralysed         |       |       |     4 ||     4
       Petrifying        |       |       |     2 ||     2
       Confused          |       |       |     1 ||     1
  Eat: Chunk             |     5 |    16 |    13 ||    34
       Royal jelly       |       |       |     2 ||     2
       Fruit             |       |       |     2 ||     2
       Meat ration       |       |       |     1 ||     1
Armor: Animal skin       |     7 |       |       ||     7
       Scale mail        |    22 |    33 |       ||    55
       Chain mail        |       |    35 |       ||    35
       Ring mail         |       |     5 |   119 ||   124
Dodge: Dodged            |    70 |   111 |   174 ||   355
